 Dungeon Crawl Stone Soup version 0.31-a0-774-g0d66cbabe8 (console) character file.

Game seed: 15084398399396344671

1484410 questionabletactics the Metallomancer (level 27, 242/242 (243) HPs)
             Began as a Naga Earth Elementalist on Sept 17, 2023.
             Was the Champion of Okawaru.
             Escaped with the Orb
             ... and 3 runes on Sept 18, 2023!
             The game lasted 04:20:59 (88805 turns).

questionabletactics the Metallomancer (NaEE)       Turns: 88805, Time: 04:21:00

HP:   242/242 (243) AC: 34    Str: 17    XL:     27
MP:   40/40         EV: 23    Int: 25    God:    Okawaru [******]
Gold: 4498          SH: 30    Dex: 18    Spells: 18/52 levels left

rFire   + + .        b - staff "Yprinwie" {Fragile Fly rPois Int+5 Earth}
rCold   + + +        e - +5 tower shield of Valour {Drain rC+ Will+ Str+5}
rNeg    + + .        E - +3 robe of Clouds {*Thunder rCloud rElec}
rPois   +            (helmet restricted)
rElec   +            K - scarf {rC+ rF+}
rCorr   .            L - +2 pair of gloves
SInv    +            Q - +10 Black Knight's barding {ponderous, rPois rN+}
Will    ++++.        g - amulet of the Albatross {Reflect rC+ rN+ Str-2 SH+5}
Stlth   ++           j - ring of protection from fire
HPRegen 0.60/turn    x - +6 ring of evasion
MPRegen 0.27/turn

%: reflection
@: flying, studying Unarmed Combat, lightly drained, very slow
A: AC +9, large, see invisible, deformed body, poison resistance, slowness 2,
spit poison 1, naga tail 2, beak, stinger 1, iridescent scales 1, frail 1
0: Orb of Zot
}: 3/15 runes: serpentine, barnacled, silver
a: Spit Poison, Renounce Religion, Heroism, Finesse, Duel


You escaped.
You worshipped Okawaru.
Okawaru was exalted by your worship.
You visited 10 branches of the dungeon, and saw 50 of its levels.
You visited the Abyss 1 time.
You also visited: Trove, Bailey, Gauntlet and Wizlab.

You collected 10301 gold pieces.
You spent 5803 gold pieces at shops.

Inventory:

Hand Weapons
 a - the +8 demon trident of the Pill Bug {drain, rPois rF+ rCorr Int-4}
   (You acquired it on level 4 of the Dungeon)

   Int-4:     It affects your intelligence (-4).
   rF+:       It protects you from fire.
   rPois:     It protects you from poison rCorr: It protects you from acid and
   corrosion.
Missiles
 n - 10 throwing nets
 y - 17 curare-tipped darts
Armour
 e - the +5 tower shield of Valour (worn) {Drain rC+ Will+ Str+5}
   (Okawaru gifted it to you on level 5 of the Realm of Zot)

   Str+5:     It affects your strength (+5).
   rC+:       It protects you from cold.
   Will+:     It increases your willpower.
   Drain:     It drains your maximum health when unequipped.
 t - the +5 faerie dragon scales {+Inv rF+ rCorr Slay+2}
   (You took it off the Enchantress on level 2 of the Depths)

   Slay+2:    It affects your accuracy & damage with ranged weapons and melee
   (+2).
   rF+:       It protects you from fire.
   +Inv:      It lets you turn invisible.
   rCorr:     It protects you from acid and corrosion.
 E - the +3 robe of Clouds (worn) {*Thunder rCloud rElec}
   (You took it off a Cloud Mage in a wizard's laboratory)

   *Thunder:  It occasionally creates storm clouds above nearby enemies.
   rCloud:    It grants its wearer immunity to clouds.
   rElec:     It insulates you from electricity.
 K - a scarf of resistance (worn)
 L - a +2 pair of gloves (worn)
 Q - the +10 Black Knight's barding (worn) {ponderous, rPois rN+}
   (You acquired it on level 15 of the Dungeon)

   rPois:     It protects you from poison rN+: It protects you from negative
   energy.
 Z - a +2 helmet of intelligence
Magical Staves
 b - the staff "Yprinwie" (weapon) {Fragile Fly rPois Int+5 Earth}
   (You found it on level 3 of the Elven Halls)

   [staff of earth]

   Base accuracy: +5 Base damage: 5 Base attack delay: 1.2 This weapon's minimum
   attack delay (0.6) is reached at skill level 12.
   Int+5:     It affects your intelligence (+5).
   rPois:     It protects you from poison Fly: It grants you flight.
   Fragile:   It will be destroyed if unequipped.
   Earth:     It increases the power of your Earth spells.
   It falls into the 'Staves' category.
   It is a one-handed weapon.
 d - a staff of earth
Jewellery
 c - an amulet of regeneration
 f - a ring of resist corrosion
 g - the amulet of the Albatross (around neck) {Reflect rC+ rN+ Str-2 SH+5}
   (You bought it in a shop on level 2 of the Depths)

   [amulet of reflection]

   Reflect:   It reflects blocked missile attacks.
   Str-2:     It affects your strength (-2).
   rC+:       It protects you from cold.
   rN+:       It protects you from negative energy.
   SH+5:      It affects your SH (+5).
 j - a ring of protection from fire (left hand)
 q - a ring of wizardry
 u - the ring "Zog Lah" {rPois Will+}
   (You took it off a tengu warrior on level 3 of the Depths)

   [ring of willpower]

   rPois:     It protects you from poison Will+: It increases your willpower.
 x - a +6 ring of evasion (right hand)
 H - a +5 ring of evasion
 U - the ring of Miracles {Fly rElec rPois Slay+3 Stlth+}
   (You found it in a wizard's laboratory)

   [ring of flight]

   Slay+3:    It affects your accuracy & damage with ranged weapons and melee
   (+3).
   rElec:     It insulates you from electricity.
   rPois:     It protects you from poison Fly: It grants you flight.
   Stlth+:    It makes you more stealthy.
Wands
 k - a wand of paralysis (54)
 r - a wand of polymorph (37)
 v - a wand of flame (143)
 A - a wand of digging (21)
 I - a wand of mindburst (50)
 S - a wand of iceblast (39)
Scrolls
 h - 10 scrolls of blinking
 s - 13 scrolls of teleportation
 C - 7 scrolls of vulnerability
 R - 6 scrolls of fear
 T - 6 scrolls of fog
Potions
 m - 11 potions of brilliance
 o - 8 potions of heal wounds
 z - 19 potions of curing
 B - 3 potions of invisibility
 F - 2 potions of haste
 G - 4 potions of mutation
 N - 2 potions of enlightenment
 O - 5 potions of might
 V - 3 potions of resistance
 Y - 3 potions of magic
Miscellaneous
 p - a condenser vane
 P - a phial of floods


   Skills:
 + Level 20.6 Fighting
 - Level 11.6(13.0) Polearms
 - Level 9.6(12.0) Staves
 - Level 8.2 Armour
 - Level 18.5 Dodging
 - Level 10.6 Stealth
 - Level 15.5 Shields
 + Level 13.2 Spellcasting
 - Level 6.0 Conjurations
 - Level 5.0 Necromancy
 - Level 5.0 Translocations
 - Level 4.0 Transmutations
 - Level 23.4 Earth Magic
 - Level 8.0 Invocations
 - Level 18.2 Evocations


You had 18 spell levels left.
You knew the following spells:

 Your Spells              Type           Power      Damage    Failure   Level
a - Sandblast             Erth           100%       2d20      0%          1
b - Stone Arrow           Conj/Erth      100%       3d13      1%          3
c - Passwall              Tmut/Erth      75%        N/A       1%          2
d - Brom's Barrelling Bo  Conj/Erth      94%        2d10      1%          4
e - Lee's Rapid Deconstr  Erth           58%        3d27*     1%          5
f - Leda's Liquefaction   Hex/Erth       42%        N/A       1%          4
g - Borgnjor's Vile Clut  Necr/Erth      46%        N/A       1%          5
h - Leda's Unmaking       Conj/Erth      47%        9d8       3%          6
i - Blink                 Tloc           82%        N/A       2%          2
j - Lesser Beckoning      Tloc           82%        N/A       2%          2

Your spell library contained the following spells:

 Spells                   Type           Power      Damage    Failure   Level
 Apportation              Tloc           82%        N/A       1%          1
 Kiss of Death            Conj/Necr      100%       2d13      1%          1
 Magic Dart               Conj           100%       1d8       1%          1
 Necrotise                Necr           100%       1d9       1%          1
 Momentum Strike          Conj/Tloc      88%        3d10      1%          2
 Petrify                  Tmut/Erth      91%        N/A       1%          4
 Shock                    Conj/Air       100%       1d9       3%          1
 Wereblood                Tmut           36%        N/A       3%          2
 Sting                    Tmut/Pois      100%       1d8       4%          1
 Static Discharge         Conj/Air       62%        2-5/arc   4%          2
 Vampiric Draining        Necr           41%        2d8       4%          3
 Cigotuvi's Dreadful Rot  Necr/Pois/Air  48%        N/A       9%          2
 Iskenderun's Mystic Bla  Conj/Tloc      44%        2d10      11%         4
 Mephitic Cloud           Conj/Pois/Air  26%        N/A       14%         3
 Dispel Undead            Necr           41%        3d16      14%         4
 Jinxbite                 Hex            32%        N/A       17%         2
 Poisonous Vapours        Pois/Air       32%        N/A       17%         2
 Ignite Poison            Fire/Tmut/Pois 23%        N/A       19%         3
 Iskenderun's Battlesphe  Conj           46%        2d10      26%         5
 Flame Wave               Conj/Fire      31%        2d9       30%         4
 Sticky Flame             Conj/Fire      31%        2d5       30%         4
 Inner Flame              Hex/Fire       16%        N/A       32%         3
 Ozocubu's Armour         Ice            16%        N/A       32%         3
 Sigil of Binding         Hex            16%        N/A       32%         3
 Swiftness                Air            16%        N/A       32%         3
 Anguish                  Hex/Necr       14%        N/A       36%         4
 Dimensional Bullseye     Hex/Tloc       14%        N/A       36%         4
 Vhi's Electric Charge    Tloc/Air       58%        N/A       36%         4
 Agony                    Necr           41%        N/A       36%         5
 Irradiate                Conj/Tmut      20%        3d18      36%         5
 Arcjolt                  Conj/Air       15%        1d25      65%         5
 Airstrike                Air            8%         2d(2-18)  73%         4
 Cause Fear               Hex            8%         N/A       73%         4
 Olgreb's Toxic Radiance  Pois           16%        N/A       73%         4
 Alistair's Intoxication  Tmut/Pois      17%        N/A       78%         5
 Freezing Cloud           Conj/Ice/Air   13%        6-21      78%         5
 Yara's Violent Unravell  Hex/Tmut       13%        3d7       78%         5
 Metabolic Englaciation   Hex/Ice        8%         N/A       97%         5
 Conjure Ball Lightning   Conj/Air       15%        3x3d6     99%         6
 Eringya's Noxious Bog    Tmut/Pois      13%        4d6       100%        6
 Plasma Beam              Fire/Air       8%         2x1d18    100%        6
 Enfeeble                 Hex            8%         N/A       100%        7
 Ozocubu's Refrigeration  Ice            8%         4d9       100%        7
 Discord                  Hex            8%         N/A       100%        8
 Disjunction              Tloc           20%        N/A       100%        8
 Maxwell's Capacitive Co  Air            8%         ∞         100%        8
 Chain Lightning          Conj/Air       15%        3d20      100%        9
 Death's Door             Necr           20%        N/A       100%        9
 Animate Armour           Summ/Erth      Unusable   N/A       N/A         4
 Animate Dead             Necr           Unusable   N/A       N/A         4
 Call Imp                 Summ           Unusable   N/A       N/A         2
 Call Canine Familiar     Summ           Unusable   N/A       N/A         3
 Summon Guardian Golem    Hex/Summ       Unusable   N/A       N/A         3
 Summon Lightning Spire   Summ/Air       Unusable   N/A       N/A         4
 Summon Forest            Summ/Tloc      Unusable   N/A       N/A         5
 Death Channel            Necr           Unusable   N/A       N/A         6
 Simulacrum               Ice/Necr       Unusable   N/A       N/A         6
 Spellforged Servitor     Conj/Summ      Unusable   N/A       N/A         7
 Summon Hydra             Summ           Unusable   N/A       N/A         7

Dungeon Overview and Level Annotations

Branches:
Dungeon (15/15)            Temple (0/1) D:6            Lair (5/5) D:10
 Shoals (4/4) Lair:2        Snake (4/4) Lair:2        Slime (0/5) Lair:4
    Orc (2/2) D:12            Elf (3/3) Orc:2        Vaults (5/5) D:13
  Crypt (3/3) Vaults:2       Tomb (0/3) Crypt:3      Depths (4/4) D:15
    Zot (5/5) Depths:4     Bailey (visited)          WizLab (visited)
Gauntlet (visited)

Altars:
Cheibriados
Kikubaaqudgha
Makhleb
Okawaru
Qazlal
Ru
Sif Muna
Trog
Vehumet
Xom
The Shining One
Jiyva

Shops:
D:4 ?   D:6 *   D:11 [**   Orc:1 :   Orc:2 [*[**   Elf:2 ((=   Elf:3 ?
Shoals:2 ?*   Snake:3 =   Snake:4 [   Depths:1 *   Depths:2 :=:

Portals:
Hell: Depths:1 Depths:2 Depths:3 Depths:4
Abyss: Depths:2 Depths:3 Depths:4
Pandemonium: Depths:1 Depths:2 Depths:3
Ziggurat: Depths:4

Annotations:
Shoals:1 Mlioglotl
Shoals:2 3 runed translucent doors, Skeral's ghost, adept TrSh
Shoals:3 Bai Suzhen
Orc:1 3 runed translucent doors, Daonol's ghost, journeyman TrBe; Stellion's ghost, journeyman DgCj; Yvaitil's ghost, journeyman DsCK
Elf:2 3 runed translucent doors
Vaults:2 exclusion: great orb of eyes, Mennas
Depths:1 1 runed translucent door, Gemnonof's ghost, adept DgCj


Innate Abilities, Weirdness & Mutations

Your serpentine skin is tough. (AC +9)
You have supernaturally acute eyesight. (SInv)
Armour fits poorly on your strangely shaped body.
Your system is resistant to poisons. (rPois)
You cover ground very slowly.
You can spit poison.
You can use your snake-like lower body to constrict enemies.
You have a beak for a mouth.
Your tail ends in a venomous barb.
You are partially covered in iridescent scales. (AC +2)
You are frail. (-10% HP)


Message History

You grab the reaper. You peck the reaper.
The reaper is moderately wounded.
You constrict the reaper. You block the reaper's attack.
You hit the reaper but do no damage.
You shatter the reaper!!
The reaper is heavily wounded.
You constrict the reaper. You hit the reaper but do no damage.
You shatter the reaper!!
You kill the reaper!
Okawaru accepts your kill.
You see here a +1 heavy scythe.
A soul eater comes into view.
You block the soul eater's attack.
You hit the soul eater but do no damage.
Your grab misses the soul eater. The soul eater misses you.
You closely miss the soul eater. You grab the soul eater.
You constrict the soul eater, but do no damage.
You block the soul eater's attack.
You hit the soul eater.
You shatter the soul eater!
The soul eater is moderately wounded.
You constrict the soul eater, but do no damage.
You hit the soul eater but do no damage.
You shatter the soul eater!!!
You peck the soul eater, but do no damage.
The soul eater is almost dead.
You constrict the soul eater, but do no damage.
The soul eater barely misses you.
You completely miss the soul eater.
The soul eater is almost dead.
You constrict the soul eater.
You kill the soul eater!
Okawaru accepts your kill.
The hobgoblin shouts!
There is a large open door here.
There is a large open door here.
You barely miss the hobgoblin. Your grab misses the hobgoblin.
You peck the hobgoblin.
You kill the hobgoblin!
There is a large open door here.
There is a staircase leading out of the dungeon here.
You have escaped!

.......# #.........#######....#.#
.......# #.........#.#####....#..
.......# #..................#.#..
.......# #...##.####..#####.#.#..
.......# ######..........##.#.#..
....)..# #######.##..##.##.#.#..
.......# #....##..#..##....#.#.#
#......####.≈≈.###....#######.#..
#.......'.).≈≈.'@#.#..#.......#.#
#.....#.'.'.≈≈.'.#.#.............
......#####.≈§.###.#..#.########.
.......####....##................
#........#######......[.......###
...........####..#[.........[.#..
....######......##............#..
.......###.#######............###
........##.#######............##.


There were no monsters in sight!

Vanquished Creatures
  A dread lich (Zot:5)
  An ancient lich (Crypt:3)
  3 orbs of fire
  A juggernaut (Depths:4)
  Sojobo (Vaults:5)
  Vv (Depths:4)
  Boris (twice) (Crypt:3 D:2)
  3 Killer Klowns (Zot:5)
  A pandemonium lord (D:12)
  3 curse toes
  A caustic shrike (Depths:3)
  Nikola (Depths:2)
  the Enchantress (Depths:2)
  5 golden dragons
  A bone dragon (Depths:4)
  2 Brimstone Fiends
  2 electric golems (Zot:5)
  A Tzitzimitl (D:2)
  7 liches
  A Cloud Mage (WizLab)
  An Ice Fiend (Depths:1)
  9 tentacled monstrosities
  Zenata (Vaults:1)
  Asterion (Elf:3)
  A walking frostbound tome (Depths:4)
  3 deep elf blademasters
  9 titans
  25 Orb Guardians
  2 quicksilver dragons
  2 tentacled starspawn (Abyss:2)
  A kraken (Shoals:4)
  13 ancient champions
  2 deep elf master archers (Elf:3)
  4 sphinxes
  3 Executioners
  Kirke (Lair:4)
  7 death cobs
  8 tengu reavers
  Ilsuiw (Shoals:4)
  10 storm dragons
  6 shadow dragons
  A storm dragon (shapeshifter) (Vaults:5)
  Agnes (Snake:4)
  A draconian monk (Zot:1)
  3 revenants
  7 nagarajas (Snake:4)
  Aizul (Vaults:1)
  10 frost giants
  An iron dragon (Depths:2)
  A draconian knight (Zot:3)
  9 fire giants
  5 deep elf sorcerers
  6 deep elf elementalists (Elf:3)
  4 draconian scorchers
  Louise (Elf:2)
  10 vault wardens
  4 spectral caustic shrikes (Depths:2)
  2 curse skulls
  A balrug (Depths:4)
  2 cacodemons
  16 ironbound preservers
  23 very ugly things
  2 formless jellyfish
  8 war gargoyles
  4 reapers
  2 ironbound thunderhulks
  A draconian annihilator (Depths:4)
  13 stone giants
  4 ghouls (Crypt:2)
  3 spriggan defenders (Depths:2)
  4 caustic shrike skeletons
  3 green draconians
  4 vampire knights
  A black draconian (Depths:4)
  6 deep elf demonologists
  3 purple draconians
  10 deep elf annihilators
  6 white draconians
  A yellow draconian (Zot:1)
  2 red draconians
  12 dire elephants
  14 spark wasps
  A minotaur (Gauntlet)
  9 merfolk javelineers
  3 eidola
  13 ettins
  9 fire dragons
  A blizzard demon (WizLab)
  7 deep elf death magi
  4 merfolk impalers
  2 crystal guardians (Vaults:4)
  17 yaktaur captains
  16 jiangshi
  7 deep elf high priests
  11 great orbs of eyes
  5 rakshasas
  An entropy weaver (Depths:3)
  A spriggan zombie (Crypt:2)
  16 ice dragons
  10 hydras
  A caustic shrike simulacrum (Crypt:3)
  27 vault guards
  A hell beast (Depths:1)
  3 peacekeepers (Vaults:4)
  6 ogre magi
  A fenstrider witch zombie (Crypt:2)
  An elf skeleton (Crypt:3)
  Erica (D:11)
  2 merfolk avatars
  9 spriggan air magi
  5 ghost crabs (WizLab)
  15 anacondas
  4 merfolk aquamancers
  10 ironbound frosthearts
  3 alligator snapping turtles
  A catoblepas (Lair:4)
  8 death knights
  14 centaur warriors
  A jorogumo (shapeshifter) (Vaults:5)
  11 dancing weapons
  7 satyrs
  19 two-headed ogres
  11 tengu warriors
  2 thrashing horrors (Abyss:2)
  6 boulder beetles
  17 naga warriors
  7 death yaks (Lair:4)
  4 deep troll earth magi
  11 vampire magi
  5 deep troll shamans
  The ghost of soul19 the Fighter, a novice GrFi of the Shining One (D:8)
  9 spriggan berserkers
  A sun demon (Depths:4)
  12 naga sharpshooters
  14 shock serpents
  5 hell knights
  32 skeletal warriors
  9 deep elf knights
  2 sixfirhies
  Nergalle (D:10)
  2 storm dragon skeletons (Crypt:3)
  5 iron trolls
  A shadow wraith (Vaults:5)
  6 skysharks
  5 titan skeletons (Crypt:3)
  Lodul (D:12)
  A spark wasp zombie (Crypt:3)
  3 soul eaters
  2 fire crabs
  A goliath frog (shapeshifter) (Vaults:5)
  2 naga ritualists
  21 sea snakes
  3 death drakes
  A spriggan simulacrum (Crypt:2)
  4 flayed ghosts
  8 glowing orange brains
  An orange crystal statue (Elf:2)
  A swamp dragon (Lair:5)
  An iron giant skeleton (Crypt:3)
  5 deep elf archers
  2 bog bodies (Crypt:2)
  2 bunyip skeletons (Crypt:3)
  A tengu zombie (Vaults:2)
  51 deep trolls
  A golden dragon skeleton (Crypt:2)
  An obsidian statue (Elf:2)
  15 wizards
  9 lindwurms
  2 harpies (shapeshifter)
  19 harpies
  12 necromancers
  21 ironbound convokers
  16 mana vipers
  52 ugly things
  10 phantasmal warriors
  24 fauns
  17 deep elf pyromancers
  An anaconda skeleton (Crypt:2)
  2 orc knights
  A stone giant zombie (Crypt:3)
  13 manticores
  3 worldbinders (Abyss:2)
  11 salamanders
  An iron dragon zombie (Depths:1)
  A wolf spider (Vaults:2)
  24 deep elf zephyrmancers
  A faun (shapeshifter) (D:14)
  Maurice (Orc:2)
  2 human skeletons
  11 cyclopes
  11 merfolk sirens
  A will-o-the-wisp (Abyss:2)
  2 dire elephant zombies
  2 stone giant skeletons
  17 vault sentinels
  7 moths of wrath
  2 frost giant skeletons
  An elephant (shapeshifter) (Depths:3)
  5 elephants
  2 rust devils
  A naga zombie (Abyss:2)
  6 guardian serpents
  A water nymph (shapeshifter) (Depths:3)
  7 water nymphs
  12 naga magi
  A torpor snail (shapeshifter) (D:14)
  41 black mambas
  An elf zombie (Vaults:2)
  Maggie (D:9)
  11 cane toads
  7 torpor snails
  6 centaur skeletons
  5 smoke demons
  Jeremiah (D:8)
  A green draconian zombie (Crypt:2)
  4 dire elephant skeletons (Crypt:3)
  4 rime drakes
  An unseen horror (shapeshifter) (Depths:3)
  2 gargoyles (D:12)
  A hellion (Depths:2)
  34 yaktaurs
  4 unseen horrors
  9 komodo dragons
  A redback zombie (D:15)
  A tormentor (D:9)
  A golden dragon simulacrum (Depths:1)
  A harpy zombie (Crypt:2)
  2 efreet (D:15)
  7 freezing wraiths
  A minotaur zombie (Crypt:2)
  3 tengu conjurers (Depths:3)
  3 ancient zymes (Abyss:2)
  13 trolls
  A red devil (Depths:1)
  A yellow draconian skeleton (Crypt:1)
  5 polar bears
  6 meliai
  4 tyrant leeches (Lair:5)
  29 merfolk
  8 wind drakes
  6 spriggan skeletons
  10 hornets
  Prince Ribbit (D:7)
  4 raiju (Abyss:2)
  11 blink frogs
  2 harpy skeletons (Crypt:3)
  An ettin zombie (Crypt:3)
  A stone giant simulacrum (Vaults:1)
  19 snapping turtles
  3 dream sheep
  49 slime creatures
  A ynoxinul (Abyss:2)
  2 centaur simulacra
  Sigmund (D:4)
  A fire dragon skeleton (Crypt:2)
  8 small abominations
  An ettin skeleton (Crypt:2)
  A slime creature (shapeshifter) (Depths:3)
  4 vampires
  A spriggan (Depths:2)
  13 water elementals
  6 air elementals (WizLab)
  10 wraiths
  A satyr skeleton (Crypt:2)
  A hog (Lair:4)
  22 humans
  4 basilisks
  6 wyverns
  10 starcursed masses (Abyss:2)
  A black mamba zombie (Crypt:3)
  3 fire bats (Gauntlet)
  54 yaks
  17 large abominations
  4 fire elementals
  Eustachio (D:6)
  8 vampire mosquitoes
  4 chaos spawn
  4 steam dragons
  2 yaktaur simulacra (Vaults:1)
  Menkaure (D:4)
  A glowing shapeshifter zombie (Vaults:1)
  43 nagas
  5 acid dragons
  2 swamp worms (D:9)
  A warg (Orc:2)
  12 water moccasins
  Duvessa (D:4)
  3 swamp drakes (Lair:5)
  A water moccasin (shapeshifter) (Depths:3)
  A naga skeleton (Crypt:3)
  3 black bears
  A deep troll skeleton (Crypt:1)
  27 orc warriors
  An ice beast (D:5)
  A swamp dragon zombie (Crypt:2)
  A tengu (shapeshifter) (Depths:2)
  A sky beast (D:7)
  A wolf (shapeshifter) (Abyss:2)
  3 boggarts (Vaults:4)
  32 ogres
  4 centaurs
  2 wolves
  2 manticore skeletons
  2 elephant skeletons
  A kobold brigand (D:8)
  Blork the orc (D:4)
  A phantom (D:5)
  17 bullfrogs
  A gnoll sergeant (D:6)
  A necrophage (Crypt:3)
  An earth elemental (Elf:2)
  8 scorpions
  2 cyclops skeletons
  22 wights
  Dowan (D:4)
  A water moccasin skeleton (Crypt:1)
  31 killer bees
  A warg skeleton (Crypt:1)
  A polar bear skeleton (Crypt:1)
  A yak skeleton (Crypt:2)
  5 electric eels
  10 howler monkeys
  A wolf zombie (Crypt:2)
  A quasit (Abyss:2)
  3 hounds
  2 gnoll boudas
  11 orc priests
  3 jellies
  7 iguanas
  A scorpion zombie (Crypt:1)
  17 orc wizards
  A statue (D:15)
  A tengu skeleton (Crypt:3)
  24 gnolls
  A swamp drake zombie (Crypt:1)
  8 adders
  4 shadow imps
  2 white imps
  3 ufetubi
  4 worms
  2 dart slugs
  105 orcs
  3 bats
  An endoplasm (D:1)
  An endoplasm (shapeshifter) (D:14)
  3 giant cockroaches
  A goblin (shapeshifter) (D:14)
  9 hobgoblins
  2 jackals (D:1)
  9 kobolds
  5 quokkas
  4 ball pythons
  A dart slug zombie (Crypt:3)
  4 frilled lizards
  11 goblins
  3 rats
  A lurking horror (Abyss:2)
  2 starspawn tentacles (Abyss:2)
  2 tentacles (Shoals:4)
2311 creatures vanquished.

Vanquished Creatures (collateral kills)
  13 boulders
13 creatures vanquished.

Vanquished Creatures (others)
  A fire giant (Depths:2)
  A deep elf sorcerer (Elf:3)
  An ironbound thunderhulk (Vaults:4)
  2 deep elf annihilators (Elf:3)
  A spark wasp (Depths:4)
  3 merfolk aquamancers (Shoals:4)
  A naga sharpshooter (Snake:4)
  A sea snake (Shoals:4)
  A wizard (D:14)
  A snapping turtle (Shoals:4)
  An air elemental (WizLab)
  3 orcs
  8 boulders
  3 foxfires (Abyss:2)
  5 starspawn tentacles (Abyss:2)
  19 tentacles (Shoals:4)
52 creatures vanquished.

Grand Total: 2376 creatures vanquished

Notes
Turn   | Place    | Note
-------+----------+-------------------------------------------
     0 | D:1      | questionabletactics the Naga Earth Elementalist began the
                  | quest for the Orb.
     0 | D:1      | Reached XP level 1. HP: 15/15 MP: 3/3
   110 | D:1      | Reached XP level 2. HP: 22/22 MP: 5/5
   624 | D:2      | Reached XP level 3. HP: 28/28 MP: 6/6
  1082 | D:2      | Found a faded altar of an unknown god.
  1192 | D:2      | Found an iron altar of Okawaru.
  1214 | D:2      | Became a worshipper of Warmaster Okawaru
  1450 | D:3      | Reached skill level 4 in Earth Magic
  1450 | D:3      | Reached XP level 4. HP: 36/36 MP: 8/8
  2512 | D:4      | Noticed Blork the orc
  2512 | D:4      | Noticed an ogre
  2520 | D:4      | Noticed Duvessa
  2523 | D:4      | Noticed Dowan
  2660 | D:4      | Noticed Sigmund
  2691 | D:5      | Entered Level 5 of the Dungeon
  2697 | D:5      | Reached XP level 5. HP: 42/42 MP: 6/10
  2704 | D:5      | Learned a level 3 spell: Stone Arrow
  2787 | D:5      | Noticed a water moccasin
  2788 | D:5      | a water moccasin changed into an ice beast
  2788 | D:5      | Noticed an ice beast
  2794 | D:5      | Killed an ice beast
  2795 | D:5      | Reached skill level 5 in Earth Magic
  2795 | D:5      | Reached XP level 6. HP: 26/49 MP: 5/11
  3045 | D:5      | Reached * piety under Okawaru
  3089 | D:5      | Reached skill level 5 in Stealth
  3089 | D:5      | Reached XP level 7. HP: 55/55 MP: 12/12
  3177 | D:5      | Reached skill level 6 in Earth Magic
  3625 | D:4      | Found Etemok's Magic Scroll Boutique.
  3637 | D:4      | Bought a scroll of teleportation for 36 gold pieces
  3650 | D:4      | Noticed Menkaure
  3819 | D:6      | Found Gulifaen's Elemental Accessories.
  4008 | D:6      | Found an ancient bone altar of Kikubaaqudgha.
  4096 | D:6      | Reached skill level 7 in Earth Magic
  4284 | D:6      | Found a staircase to the Ecumenical Temple.
  4312 | D:6      | Noticed Eustachio
  4389 | D:6      | Reached XP level 8. HP: 57/62 MP: 13/13
  4445 | D:6      | Reached ** piety under Okawaru
  4789 | D:6      | Reached skill level 8 in Earth Magic
  4816 | D:6      | Learned a level 2 spell: Passwall
  5014 | D:7      | Noticed Prince Ribbit
  5019 | D:7      | Killed Prince Ribbit
  5039 | D:7      | Found a stormy altar of Qazlal.
  5039 | D:7      | Found a bloodstained altar of Trog.
  5096 | D:7      | Noticed a hornet
  5123 | D:7      | Killed a hornet
  5124 | D:7      | Reached skill level 5 in Conjurations
  5200 | D:7      | Reached skill level 9 in Earth Magic
  5200 | D:7      | Reached XP level 9. HP: 47/68 MP: 12/14
  5271 | D:7      | Found a flagged portal.
  5295 | Bailey   | Entered a bailey
  5407 | Bailey   | Learned a level 4 spell: Brom's Barrelling Boulder
  5466 | Bailey   | Reached *** piety under Okawaru
  5467 | Bailey   | Reached skill level 1 in Invocations
  5746 | Bailey   | Reached skill level 1 in Fighting
  6174 | Bailey   | Reached skill level 10 in Earth Magic
  6406 | D:7      | Found a sacrificial altar of Ru.
  7621 | D:4      | Reached XP level 10. HP: 80/84 MP: 16/16
  7663 | D:4      | Killed Duvessa
  7665 | D:4      | Killed Dowan
  7696 | D:4      | Killed Blork the orc
  7790 | D:4      | Killed Sigmund
  7791 | D:4      | Reached skill level 5 in Spellcasting
  7869 | D:4      | Found a burning altar of Makhleb.
  7873 | D:4      | Reached skill level 11 in Earth Magic
  7966 | D:4      | Killed Menkaure
  7966 | D:4      | Reached **** piety under Okawaru
  8120 | D:6      | Killed Eustachio
  8555 | D:8      | Found a transporter.
  8555 | D:8      | Noticed soul19's ghost (novice GrFi)
  8556 | D:8      | Identified the +0 war axe "Bulo" {drain, *Rage +Blink rElec
                  | rPois}
  8744 | D:8      | Found a transporter.
  8897 | D:8      | Noticed Jeremiah
  9135 | D:9      | Noticed Maggie
  9142 | D:8      | Reached skill level 1 in Shields
  9275 | D:9      | Killed Maggie
  9734 | D:9      | Reached ***** piety under Okawaru
 10441 | D:9      | Reached XP level 11. HP: 83/93 MP: 14/22
 10651 | D:9      | Noticed a two-headed ogre
 10655 | D:9      | Killed a two-headed ogre
 10655 | D:9      | Received a gift from Okawaru
 10656 | D:9      | Reached skill level 5 in Fighting
 10766 | D:10     | Entered Level 10 of the Dungeon
 11121 | D:10     | Found a staircase to the Lair.
 11166 | D:10     | Identified the +2 quarterstaff "Ywner" {heavy, rF+ Int+5}
                  | (Okawaru gifted it to you on level 10 of the Dungeon)
 11166 | D:10     | Received a gift from Okawaru
 11862 | D:10     | Noticed a two-headed ogre
 11864 | D:10     | Noticed Nergalle
 11866 | D:10     | Killed a two-headed ogre
 11867 | D:10     | Reached skill level 12 in Earth Magic
 12170 | D:10     | Killed Nergalle
 12668 | Lair:1   | Entered Level 1 of the Lair of Beasts
 12717 | Lair:1   | Noticed a boulder beetle
 12727 | Lair:1   | Killed a boulder beetle
 12728 | Lair:1   | Reached skill level 1 in Evocations
 12807 | Lair:1   | Received a gift from Okawaru
 12931 | Lair:1   | Noticed a skyshark
 13830 | D:4      | Bought a scroll of acquirement for 624 gold pieces
 13834 | D:4      | Acquired the +8 demon trident of the Pill Bug {drain, rPois
                  | rF+ rCorr Int-4}
 13998 | Lair:2   | Noticed a six-headed hydra
 14034 | Lair:2   | Reached skill level 1 in Polearms
 14092 | Lair:2   | Killed a six-headed hydra
 14093 | Lair:2   | Reached skill level 5 in Dodging
 14093 | Lair:2   | Reached XP level 12. HP: 105/105 MP: 1/23
 14773 | Lair:2   | Noticed a seven-headed hydra
 15083 | Lair:2   | Reached skill level 5 in Polearms
 15145 | Lair:2   | Identified the +2 barding of a bazaar {-Tele rElec Will+++
                  | Dex+3} (Okawaru gifted it to you on level 2 of the Lair of
                  | Beasts)
 15145 | Lair:2   | Received a gift from Okawaru
 15643 | Lair:2   | Found a staircase to the Snake Pit.
 16538 | Lair:3   | Noticed a six-headed hydra
 16555 | Lair:3   | Killed a six-headed hydra
 16779 | Lair:3   | Identified the ring "Xupydelu" {rF- rN+ Str+4}
 17156 | Lair:3   | Gained mutation: You can use your snake-like lower body to
                  | constrict enemies. [Naga growth]
 17156 | Lair:3   | Reached XP level 13. HP: 115/115 MP: 24/24
 17712 | Lair:3   | HP: 4/117 [komodo dragon (23)]
 18070 | Lair:4   | Noticed Kirke
 18089 | Lair:4   | Killed Kirke
 18262 | Lair:4   | Identified the +0 cloak of the Midnight Sun {Harm *Corrode
                  | Will+++ Dex+2} (Okawaru gifted it to you on level 4 of the
                  | Lair of Beasts)
 18262 | Lair:4   | Received a gift from Okawaru
 18606 | Lair:4   | Reached skill level 5 in Shields
 19396 | Lair:4   | Reached skill level 10 in Polearms
 19701 | Lair:4   | Reached XP level 14. HP: 120/124 MP: 25/25
 19725 | Lair:4   | Reached skill level 5 in Invocations
 19791 | Lair:4   | Reached ****** piety under Okawaru
 20223 | Lair:4   | Found a viscous altar of Jiyva.
 20224 | Lair:4   | Found a staircase to the Slime Pits.
 20257 | Lair:5   | Entered Level 5 of the Lair of Beasts
 20334 | Lair:5   | Received a gift from Okawaru
 20444 | Lair:5   | Received a gift from Okawaru
 20642 | Lair:5   | Found a runed translucent door.
 21291 | Lair:5   | Acquired 1149 gold pieces
 22416 | D:11     | Noticed Erica
 22892 | D:11     | Killed Erica
 23045 | D:11     | Acquired 799 gold pieces
 23432 | D:11     | Found Kuesoag's Assorted Antiques.
 23433 | D:11     | Found Raymia's Armour Emporium.
 23434 | D:11     | Found Opistre's General Store.
 23440 | D:11     | Bought a scroll of blinking for 165 gold pieces
 23440 | D:11     | Bought a scroll of teleportation for 66 gold pieces
 23440 | D:11     | Bought a dented amethyst amulet for 110 gold pieces
 23493 | D:11     | Found a glowing golden altar of the Shining One.
 23514 | D:11     | Reached skill level 10 in Shields
 23527 | D:11     | Received a gift from Okawaru
 24323 | D:12     | Found a staircase to the Orcish Mines.
 24393 | D:12     | Reached XP level 15. HP: 132/138 MP: 23/26
 24651 | D:12     | Noticed Lodul
 24660 | D:12     | Killed Lodul
 25330 | D:11     | Bought a scroll of teleportation for 42 gold pieces
 25330 | D:11     | Bought a scroll of identify for 28 gold pieces
 25330 | D:11     | Bought a scroll of identify for 28 gold pieces
 25332 | D:11     | Bought a scroll of identify for 28 gold pieces
 25332 | D:11     | Bought a potion of resistance for 140 gold pieces
 25361 | D:13     | Learned a level 5 spell: Lee's Rapid Deconstruction
 25412 | D:13     | Reached skill level 10 in Fighting
 25550 | D:13     | Identified the +3 barding of the Untouchables {Rampage rF-
                  | rC+ Dex+3} (Okawaru gifted it to you on level 13 of the
                  | Dungeon)
 25550 | D:13     | Received a gift from Okawaru
 25627 | D:13     | Found a gate leading to a gauntlet.
 25636 | Gauntlet | Entered a Gauntlet
 25636 | Gauntlet | Found a transporter.
 25636 | Gauntlet | Found a transporter.
 25653 | Gauntlet | Found a transporter.
 25669 | Gauntlet | Found a transporter.
 25669 | Gauntlet | Found a transporter.
 25669 | Gauntlet | Found a transporter.
 25671 | Gauntlet | Found a transporter.
 25671 | Gauntlet | Found a transporter.
 25684 | Gauntlet | Found a transporter.
 25699 | Gauntlet | Found a transporter.
 25709 | Gauntlet | Found a transporter.
 25726 | Gauntlet | Found a transporter.
 25743 | Gauntlet | Found a transporter.
 25755 | Gauntlet | Found a transporter.
 26263 | Gauntlet | Identified the +9 plate armour "Unier" {Fly rPois}
 26644 | D:13     | Found a gate to the Vaults.
 26692 | D:13     | Reached skill level 13 in Earth Magic
 26852 | D:13     | Reached skill level 5 in Evocations
 27620 | Orc:1    | Entered Level 1 of the Orcish Mines
 27768 | Orc:1    | Found Xoax's Vocational Training.
 27776 | Orc:1    | Bought a manual of Evocations for 960 gold pieces
 27832 | Orc:1    | Found a runed translucent gate.
 27832 | Orc:1    | Found a runed translucent gate.
 27833 | Orc:1    | Found a runed translucent gate.
 27835 | Orc:1    | Noticed Stellion's ghost (journeyman DgCj)
 27835 | Orc:1    | Noticed Yvaitil's ghost (journeyman DsCK)
 27835 | Orc:1    | Found the +8 whip "Snakebite" {venom, curare, rPois}
 27835 | Orc:1    | Noticed Daonol's ghost (journeyman TrBe)
 28185 | Orc:2    | Entered Level 2 of the Orcish Mines
 28189 | Orc:2    | Noticed Maurice
 28245 | Orc:2    | Maurice stole a +0 tower shield of protection
 28249 | Orc:2    | Killed Maurice
 28441 | Orc:2    | Found Unaal's Antique Armour Shop.
 28478 | Orc:2    | Found Duorr's Assorted Antiques.
 28518 | Orc:2    | Identified the +8 spear of Laceration {venom, rN+} (Okawaru
                  | gifted it to you on level 2 of the Orcish Mines)
 28518 | Orc:2    | Received a gift from Okawaru
 28704 | Orc:2    | Reached XP level 16. HP: 115/146 MP: 27/27
 28951 | Orc:2    | Found Echyen's Antique Armour Boutique.
 28978 | Orc:2    | Bought an ivory wand for 128 gold pieces
 28980 | Orc:2    | Found Ikaniny's General Store.
 28981 | Orc:2    | Found Nuaroih's Assorted Antiques.
 28990 | Orc:2    | Bought a buzzing ring mail for 198 gold pieces
 28990 | Orc:2    | Identified the +0 ring mail of the Dungeon {Str+3} (You
                  | bought it in a shop on level 2 of the Orcish Mines)
 29347 | Orc:2    | Found a staircase to the Elven Halls.
 29682 | D:8      | Killed Jeremiah
 29810 | D:8      | Identified the +4 barding of Wicked Liberty {+Blink rF-
                  | Int-4 Slay+4} (Okawaru gifted it to you on level 8 of the
                  | Dungeon)
 29810 | D:8      | Received a gift from Okawaru
 29847 | D:8      | Killed soul19's ghost
 30152 | D:14     | Reached skill level 10 in Evocations
 30461 | D:14     | Found a stormy altar of Qazlal.
 30804 | D:14     | Identified the +8 dagger of Debt {heavy, Will- Int+4}
 31048 | D:14     | Found a shimmering altar of Xom.
 31048 | D:14     | Found a shimmering altar of Xom.
 31048 | D:14     | Found a shimmering altar of Xom.
 31048 | D:14     | Found a shimmering altar of Xom.
 31048 | D:14     | Found a shimmering altar of Xom.
 31048 | D:14     | Found a shimmering altar of Xom.
 31048 | D:14     | Found a shimmering altar of Xom.
 31736 | D:15     | Entered Level 15 of the Dungeon
 31782 | D:15     | Found a radiant altar of Vehumet.
 32347 | D:15     | Acquired the +10 Black Knight's barding {ponderous, rPois
                  | rN+}
 32347 | D:15     | Found the +10 Black Knight's barding {ponderous, rPois rN+}
 32658 | D:15     | Reached skill level 10 in Dodging
 33128 | D:15     | Found a staircase to the Depths.
 33793 | Snake:1  | Entered Level 1 of the Snake Pit
 33808 | Snake:1  | Identified the +0 spear "Nuquypn" {antimagic, *Noise rPois
                  | rF- Stlth+} (Okawaru gifted it to you on level 1 of the
                  | Snake Pit)
 33808 | Snake:1  | Received a gift from Okawaru
 34122 | Snake:1  | Reached skill level 14 in Earth Magic
 34122 | Snake:1  | Reached XP level 17. HP: 116/153 MP: 15/28
 34588 | Snake:1  | Identified the +4 barding of Ustruewot {Int+4} (Okawaru
                  | gifted it to you on level 1 of the Snake Pit)
 34588 | Snake:1  | Received a gift from Okawaru
 35200 | Snake:2  | Learned a level 4 spell: Leda's Liquefaction
 36271 | Snake:2  | Reached skill level 15 in Earth Magic
 36783 | Snake:3  | Reached skill level 1 in Staves
 37937 | Snake:3  | Received a gift from Okawaru
 38697 | Snake:3  | Found Xugoq's Jewellery Emporium.
 38926 | Snake:4  | Entered Level 4 of the Snake Pit
 38926 | Snake:4  | Noticed Agnes
 39297 | Snake:4  | Found Vacvuxe's Antique Armour Emporium.
 39300 | Snake:4  | Identified the ring of Hengip {Fly rC+}
 39336 | Snake:4  | Reached skill level 5 in Staves
 39379 | Snake:4  | Identified the +2 barding "Yxzokh" {rF- Will+ rCorr}
                  | (Okawaru gifted it to you on level 4 of the Snake Pit)
 39379 | Snake:4  | Received a gift from Okawaru
 39632 | Snake:4  | Reached XP level 18. HP: 163/163 MP: 29/29
 40433 | Snake:4  | Killed Agnes
 40823 | Snake:4  | Got a serpentine rune of Zot
 41751 | Shoals:1 | Entered Level 1 of the Shoals
 41910 | Shoals:1 | Reached skill level 1 in Armour
 41992 | Shoals:1 | Noticed Mlioglotl
 41999 | Shoals:1 | Noticed an ancient lich
 42105 | Shoals:1 | Identified the +2 crystal plate armour of Magic {Fly rCorr
                  | Dex-4 Stlth+} (Okawaru gifted it to you on level 1 of the
                  | Shoals)
 42105 | Shoals:1 | Received a gift from Okawaru
 42448 | Shoals:1 | Paralysed by accursed screaming for 1 turns
 42450 | Shoals:1 | Noticed a bone dragon
 43200 | Shoals:2 | Found Nugeemn's Magic Scroll Boutique.
 43523 | Shoals:2 | Bought a scroll of blinking for 120 gold pieces
 43523 | Shoals:2 | Bought a scroll of fear for 64 gold pieces
 43626 | Shoals:2 | Found Mimaloev's CLEARANCE SALE!.
 43833 | Shoals:2 | Bought a throwing net for 15 gold pieces
 44682 | Shoals:2 | Found a runed translucent gate.
 44683 | Shoals:2 | Found a runed translucent gate.
 44684 | Shoals:2 | Found a runed translucent gate.
 44685 | Shoals:2 | Noticed Skeral's ghost (adept TrSh)
 44753 | Shoals:3 | Noticed Bai Suzhen
 44826 | Shoals:3 | Reached XP level 19. HP: 163/175 MP: 30/30
 46394 | Shoals:4 | Entered Level 4 of the Shoals
 46432 | Shoals:4 | Received a gift from Okawaru
 46913 | Shoals:4 | Identified the +7 lajatang of Theory {heavy, Will+ Str+3}
 48042 | Shoals:4 | Noticed Ilsuiw
 48404 | Shoals:4 | Killed Ilsuiw
 48755 | Shoals:4 | Identified the +10 glaive of Cayri {drain, rC- Dex+5}
 48836 | Shoals:4 | Got a barnacled rune of Zot
 49054 | Shoals:4 | Received a gift from Okawaru
 49640 | Elf:1    | Entered Level 1 of the Elven Halls
 50636 | Elf:1    | Found a portal to a secret trove of treasure.
 50862 | D:4      | Bought a scroll of enchant weapon for 90 gold pieces
 50862 | D:4      | Bought a scroll of enchant armour for 90 gold pieces
 50862 | D:4      | Bought a scroll of revelation for 90 gold pieces
 52127 | Elf:2    | Found Hant's Antique Weapon Shoppe.
 52127 | Elf:2    | Found Otuvil's Antique Weapon Emporium.
 52211 | Elf:2    | Found a runed translucent gate.
 52211 | Elf:2    | Noticed Louise
 52212 | Elf:2    | Found a runed translucent gate.
 52212 | Elf:2    | Found a runed translucent gate.
 52217 | Elf:2    | Reached XP level 20. HP: 188/188 MP: 32/32
 52239 | Elf:2    | Killed Louise
 52693 | Elf:2    | Found Yzomoas's One-of-a-Kind Rings.
 52710 | Elf:2    | Bought a +6 ring of evasion for 900 gold pieces
 52744 | Elf:2    | Found a shimmering blue altar of Sif Muna.
 52746 | Elf:2    | Received a gift from Okawaru
 53166 | Elf:3    | Entered Level 3 of the Elven Halls
 53224 | Elf:1    | You paid a toll of a +6 demon whip to enter a treasure
                  | trove
 53225 | Trove    | Entered a treasure trove
 53346 | Elf:3    | Noticed Asterion
 53359 | Elf:3    | Killed Asterion
 53787 | Elf:3    | Reached skill level 10 in Spellcasting
 53872 | Elf:3    | Noticed a Tzitzimitl
 54860 | Elf:3    | Identified the +2 quarterstaff of Chance {heavy, rElec rN+
                  | Int-4}
 54888 | Elf:3    | Reached skill level 5 in Armour
 54939 | Elf:3    | Identified the +0 robe "Obyimuce" {rC+ Int+4}
 55314 | Elf:3    | Found Buotec's Magic Scroll Emporium.
 55326 | Elf:3    | Bought a scroll of teleportation for 39 gold pieces
 55326 | Elf:3    | Bought a scroll of teleportation for 39 gold pieces
 55326 | Elf:3    | Bought a scroll of teleportation for 39 gold pieces
 55326 | Elf:3    | Bought a scroll of teleportation for 39 gold pieces
 55326 | Elf:3    | Bought a scroll of revelation for 97 gold pieces
 55326 | Elf:3    | Bought a scroll of fog for 52 gold pieces
 55463 | Elf:3    | Got a whispering book
 55703 | Elf:3    | Identified the staff "Yprinwie" {Fragile Fly rPois Int+5
                  | Earth}
 55952 | Elf:3    | Learned a level 5 spell: Borgnjor's Vile Clutch
 56170 | Vaults:1 | Entered Level 1 of the Vaults
 56583 | Vaults:1 | Noticed Aizul
 56603 | Vaults:1 | Killed Aizul
 56604 | Vaults:1 | Reached skill level 16 in Earth Magic
 56789 | Vaults:1 | Received a gift from Okawaru
 57829 | Vaults:1 | Reached skill level 17 in Earth Magic
 57829 | Vaults:1 | Received a gift from Okawaru
 57830 | Vaults:1 | Reached XP level 21. HP: 195/195 MP: 1/35
 58203 | Vaults:1 | Noticed Zenata
 58456 | Vaults:1 | Killed Zenata
 59109 | Vaults:2 | Reached skill level 15 in Dodging
 59188 | Vaults:2 | Reached skill level 18 in Earth Magic
 59223 | Vaults:2 | Paralysed by a formless jellyfish for 1 turns
 59289 | Vaults:2 | Found a staircase to the Crypt.
 59824 | Vaults:2 | Received a gift from Okawaru
 60340 | Vaults:2 | Reached skill level 19 in Earth Magic
 60667 | Vaults:2 | Noticed Mennas
 60968 | Vaults:3 | Identified the +2 ring mail of Rarijocw {Regen+ rCorr}
                  | (Okawaru gifted it to you on level 3 of the Vaults)
 60968 | Vaults:3 | Received a gift from Okawaru
 61029 | Abyss:2  | Cast into level 2 of the Abyss (a wizard)
 61335 | Abyss:2  | Got an unusual book
 61371 | Abyss:2  | Found a corrupted altar of Lugonu.
 61504 | Abyss:2  | Found a corrupted altar of Lugonu.
 61557 | Abyss:2  | Noticed a bone dragon
 61591 | Abyss:2  | Found a shadowy altar of Dithmenos.
 61698 | Abyss:2  | Found a corrupted altar of Lugonu.
 61714 | Abyss:2  | Found a corrupted altar of Lugonu.
 61797 | Abyss:2  | Reached skill level 10 in Stealth
 61799 | Vaults:3 | Escaped the Abyss
 62091 | Vaults:3 | Reached XP level 22. HP: 145/204 MP: 37/37
 62745 | Vaults:3 | Found a runed translucent door.
 63160 | Vaults:4 | Reached skill level 1 in Necromancy
 63212 | Vaults:4 | Found a magical portal.
 63221 | WizLab   | Entered The Chambers of the Cloud Mage
 63837 | WizLab   | Paralysed by an air elemental for 1 turns
 64001 | WizLab   | Paralysed by an air elemental for 1 turns
 64015 | WizLab   | Paralysed by an air elemental for 1 turns
 64163 | WizLab   | Paralysed by an air elemental for 1 turns
 64313 | WizLab   | Identified the ring of Miracles {Fly rElec rPois Slay+3
                  | Stlth+}
 64328 | WizLab   | Identified the +0 halberd of Division {speed, rC+ rN+}
 64332 | WizLab   | Got parchment book
 64405 | WizLab   | Received a gift from Okawaru
 65797 | Vaults:4 | Reached skill level 15 in Fighting
 66257 | Depths:1 | Entered Level 1 of the Depths
 66386 | Depths:1 | Found a one-way gate leading to the halls of Pandemonium.
 66432 | Depths:1 | Found a runed translucent door.
 67060 | Depths:1 | Found a gateway to Hell.
 67074 | Depths:1 | Found a snail-covered altar of Cheibriados.
 67152 | Depths:1 | Reached skill level 15 in Evocations
 67233 | Depths:1 | Noticed Gemnonof's ghost (adept DgCj)
 67409 | Depths:1 | Received a gift from Okawaru
 67427 | Depths:1 | Found Piggalat's Assorted Antiques.
 67479 | Depths:1 | Bought a scroll of blinking for 240 gold pieces
 67594 | Depths:1 | Reached XP level 23. HP: 217/217 MP: 38/38
 67851 | Depths:2 | Noticed Nikola
 67885 | Depths:2 | Killed Nikola
 68344 | Depths:2 | Received a gift from Okawaru
 68448 | Depths:2 | Found Iklew's Book Shop.
 68448 | Depths:2 | Found Koimye's Jewellery Shoppe.
 68449 | Depths:2 | Found Lecefitt's Book Shop.
 68542 | Depths:2 | Bought the amulet of the Albatross {Reflect rC+ rN+ Str-2
                  | SH+5} for 748 gold pieces
 68655 | Depths:2 | Reached skill level 15 in Shields
 68705 | Depths:2 | Reached skill level 20 in Earth Magic
 69086 | Depths:2 | Identified the +4 plate armour "Qoqonlew" {rElec} (Okawaru
                  | gifted it to you on level 2 of the Depths)
 69086 | Depths:2 | Received a gift from Okawaru
 69841 | Depths:2 | Noticed the Enchantress
 69847 | Depths:2 | Killed the Enchantress
 70429 | Depths:2 | Found a one-way gate to the infinite horrors of the Abyss.
 70648 | Depths:3 | Reached skill level 5 in Necromancy
 70710 | Depths:3 | Reached skill level 21 in Earth Magic
 70847 | Depths:3 | Identified the +5 trident of Royalism {heavy, rCorr}
 71030 | Depths:3 | Noticed a caustic shrike
 71046 | Depths:3 | Reached XP level 24. HP: 186/225 MP: 23/38
 71048 | Depths:3 | Killed a caustic shrike
 71157 | Depths:3 | Identified the +5 war axe of Uskayaw, Jumping {holy, rElec
                  | Dex+4 Stlth+}
 71223 | Depths:3 | Identified the staff "Cutruebb" {rElec rF+ Fire}
 71497 | Depths:3 | Identified the scarf of Impatience {repulsion, rPois Dex+2
                  | Stlth+} (Okawaru gifted it to you on level 3 of the Depths)
 71497 | Depths:3 | Received a gift from Okawaru
 71624 | Depths:3 | Identified the +1 leather armour of Wasted Space {rC++
                  | Dex+3}
 71739 | Depths:3 | Identified the ring "Zog Lah" {rPois Will+}
 72419 | Depths:4 | Entered Level 4 of the Depths
 72426 | Depths:4 | Noticed a juggernaut
 72439 | Depths:4 | Killed a juggernaut
 73654 | Depths:4 | Found a gate to the Realm of Zot.
 74139 | Depths:4 | Identified the +1 chain mail of the Game of Kings {Will-
                  | Dex+3 SInv}
 74406 | Depths:4 | Found a shimmering blue altar of Sif Muna.
 74462 | Depths:4 | Found a one-way gateway to a ziggurat.
 74506 | Depths:4 | Noticed Vv
 74515 | Depths:4 | Killed Vv
 74537 | Depths:4 | Identified the +1 chain mail of Dotolak {Str+5 Dex+3}
 75038 | Crypt:1  | Entered Level 1 of the Crypt
 75151 | Crypt:1  | Received a gift from Okawaru
 75206 | Crypt:1  | Reached skill level 22 in Earth Magic
 75714 | Crypt:1  | Reached XP level 25. HP: 238/238 MP: 33/38
 76563 | Crypt:2  | Identified the +4 shortbow of Wu Jian's Castigation
                  | {antimagic, rF- rC+ Will+}
 76817 | Crypt:3  | Entered Level 3 of the Crypt
 77078 | Crypt:3  | Received a gift from Okawaru
 77518 | Crypt:3  | Identified the +1 ring mail "Amem" {rF+ rC++ Will+ Int+2}
 77700 | Crypt:3  | Reached skill level 23 in Earth Magic
 78125 | Crypt:3  | Noticed Boris
 78142 | Crypt:3  | Noticed an ancient lich
 78154 | Crypt:3  | Killed Boris
 78170 | Crypt:3  | Killed an ancient lich
 78439 | Crypt:3  | Got glossy book
 78581 | Crypt:3  | Identified the +1 barding "Doden" {rElec} (Okawaru gifted
                  | it to you on level 3 of the Crypt)
 78581 | Crypt:3  | Received a gift from Okawaru
 79026 | Crypt:3  | Found a staircase to the Tomb.
 79478 | Depths:2 | Bought a book of Power for 588 gold pieces
 79485 | Depths:2 | Learned a level 6 spell: Leda's Unmaking
 79783 | Vaults:5 | Entered Level 5 of the Vaults
 79943 | Vaults:4 | Reached XP level 26. HP: 187/248 MP: 38/38
 80510 | Vaults:5 | Noticed Sojobo
 80518 | Vaults:5 | Paralysed by an air elemental for 1 turns
 80524 | Vaults:5 | Paralysed by an air elemental for 1 turns
 80538 | Vaults:5 | Killed Sojobo
 80772 | Vaults:5 | Identified the +10 whip of Kuumnit {flame, rPois MP+9 Str-5
                  | Dex+3}
 81198 | Vaults:5 | Identified the +6 short sword "Luamin" {holy, *Rage rPois
                  | Str+3 Dex+4}
 81198 | Vaults:5 | Identified the +1 leather armour "Baoter" {Will+ Regen+
                  | Str+3}
 81267 | Vaults:4 | Identified the +2 robe of Imperfection {rC++ Int-3 SInv}
                  | (Okawaru gifted it to you on level 4 of the Vaults)
 81267 | Vaults:4 | Received a gift from Okawaru
 81720 | Vaults:5 | Got a silver rune of Zot
 81931 | Vaults:5 | Learned a level 2 spell: Blink
 81934 | Vaults:5 | Learned a level 2 spell: Lesser Beckoning
 82089 | Vaults:5 | Reached skill level 1 in Translocations
 82386 | Vaults:5 | Identified the orb of the Beastly God {guile, Dex+6}
 82404 | Vaults:5 | Identified the amulet "Xosigrou" {Spirit -Cast Rampage
                  | rElec rN+++}
 83374 | Zot:1    | Entered Level 1 of the Realm of Zot
 83377 | Zot:1    | Noticed an orb of fire
 83395 | Zot:1    | Killed an orb of fire
 84250 | Zot:3    | Reached skill level 5 in Translocations
 84426 | Zot:5    | Entered Level 5 of the Realm of Zot
 85091 | Zot:5    | Received a gift from Okawaru
 85476 | Zot:5    | Paralysed by a Zot trap for 5 turns
 85488 | Zot:5    | Noticed a Killer Klown
 85492 | Zot:5    | Noticed a Killer Klown
 85516 | Zot:5    | Reached XP level 27. HP: 136/266 MP: 32/38
 85534 | Zot:5    | Noticed an orb of fire
 85535 | Zot:5    | Gained mutation: You are vulnerable to cold. (rC-) [an orb
                  | of fire]
 85719 | Zot:5    | Lost mutation: You are vulnerable to cold. (rC-) [potion of
                  | mutation]
 85719 | Zot:5    | Gained mutation: You are robust. (+10% HP) [potion of
                  | mutation]
 85719 | Zot:5    | Gained mutation: You sometimes lose your temper in combat.
                  | [potion of mutation]
 85719 | Zot:5    | Gained mutation: You are partially covered in iridescent
                  | scales. (AC +2) [potion of mutation]
 85720 | Zot:5    | Lost mutation: You are partially covered in iridescent
                  | scales. (AC +2) [potion of mutation]
 85720 | Zot:5    | Lost mutation: You are robust. (+10% HP) [potion of
                  | mutation]
 85720 | Zot:5    | Gained mutation: You expend magic power (3 MP) to
                  | strengthen your wands. [potion of mutation]
 85720 | Zot:5    | Lost mutation: You sometimes lose your temper in combat.
                  | [potion of mutation]
 85720 | Zot:5    | Gained mutation: You are occasionally teleported next to
                  | monsters. [potion of mutation]
 85721 | Zot:5    | Lost mutation: You expend magic power (3 MP) to strengthen
                  | your wands. [potion of mutation]
 85721 | Zot:5    | Lost mutation: You are occasionally teleported next to
                  | monsters. [potion of mutation]
 85721 | Zot:5    | Gained mutation: Your tail ends in a venomous barb. [potion
                  | of mutation]
 85721 | Zot:5    | Gained mutation: You have a beak for a mouth. [potion of
                  | mutation]
 85763 | Zot:5    | Noticed an orb of fire
 85775 | Zot:5    | Killed an orb of fire
 86385 | Zot:5    | Gained mutation: You are partially covered in iridescent
                  | scales. (AC +2) [an orb of fire]
 86390 | Zot:5    | Gained mutation: You are frail. (-10% HP) [an orb of fire]
 86391 | Zot:5    | Killed an orb of fire
 86785 | Zot:5    | Noticed a dread lich
 86795 | Zot:5    | Killed a dread lich
 87289 | Zot:5    | Noticed an orb of fire
 87466 | Zot:5    | Identified the +5 tower shield of Valour {Drain rC+ Will+
                  | Str+5} (Okawaru gifted it to you on level 5 of the Realm of
                  | Zot)
 87466 | Zot:5    | Received a gift from Okawaru
 87860 | Zot:5    | Got the Orb of Zot
 88281 | D:13     | Noticed Bifop the pandemonium lord
 88297 | D:12     | Killed Bifop the pandemonium lord
 88567 | D:2      | Noticed Boris
 88577 | D:2      | Killed Boris
 88805 | D:$      | Escaped with the Orb!

Illustrated notes

Levels and vault maps discovered:
D:1:      lightli_arrival_lavapool, layout_basic
D:2:      layout_basic, basic_altar, dreamdust_ecumenical_altar_grove,
          nicolae_eternal_life
D:3:      layout_loops_corners, minmay_misc_feat_diagonals,
          hangedman_decor_lopped, minmay_distorted
D:4:      nicolae_cairo_tiling_large_dashed, layout_rooms,
          makhleb_heckhound_becter, serial_shops, shop_fountains, uniq_sigmund,
          uniq_blork_the_orc, uniq_duvessa, uniq_menkaure
D:5:      layout_basic
D:6:      layout_basic, general_overflow_altar,
          minmay_temple_entry_proselytizer, minmay_tree_intersection,
          nicolae_elemental_shop, nicolae_the_louvre, uniq_eustachio
D:7:      layout_loops_corners, lemuel_crystal_altar,
          nicolae_overflow_two_pavilions, lightli_bailey_entry_fortress,
          kennysheep_generic_room_11, uniq_prince_ribbit1
D:8:      layout_cave_pods, gammafunk_ghost_arena, uniq_jeremiah
D:9:      layout_roguey, grunt_ministairs_1, st_stairs_14, worms_lemuel,
          uniq_maggie
D:10:     layout_basic, david_lair_shrubbed, hangedman_fish_farm, uniq_nergalle
D:11:     layout_rooms, grunt_ministairs_3, nicolae_shop_distant_corner_stores,
          st_stairs_11, tso_altar, uniq_erica
D:12:     layout_loops_ring, erik_orc_2, uniq_lodul
D:13:     layout_long_grid, grunt_vaults_entry_tiered, gauntlet_entry_generic
D:14:     minmay_octo_star, layout_irregular_city,
          nicolae_qazlal_eye_of_the_storm, xom_shifter_show
D:15:     grunt_enter_depths_magical_seal, layout_cave_pods,
          minmay_misc_feat_square, minivault_4, vehumet_statue
Lair:1:   layout_roguey
Lair:2:   layout_regular_city, nicolae_shoals_entry_flooding,
          nicolae_snake_entry_squirm, minmay_hedge_maze
Lair:3:   layout_layer_cave, gammafunk_lair_bear_cave
Lair:4:   nzn_winding_woodlands_large [nzn_winding_woodlands_5x5_open_star,
          nzn_winding_woodlands_5x15_river_crossing,
          nzn_winding_woodlands_hourglass,
          nzn_winding_woodlands_center_diamonds,
          nzn_winding_woodlands_15x15_killbox,
          nzn_winding_woodlands_center_lodge,
          nzn_winding_woodlands_5x5_checkerboard,
          nzn_winding_woodlands_5x15_sawtooth, nzn_winding_woodlands_5x5_cross],
          layout_loops_ring, dpeg_slime_entry_enclosed,
          cheibrodos_lair_reptile_den, uniq_kirke
Lair:5:   wormcave, layout_regular_city, guppyfry_lair_end_dragon,
          grunt_megastairs_2, infiniplex_staircase_pool
Shoals:1: cheibrodos_shoals_epimethial_gifts, layout_shoals, uniq_mlioglotl
Shoals:2: layout_shoals, gammafunk_ghost_tricky_traps, serial_shops, shop,
          nicolae_shop_clearance
Shoals:3: layout_shoals, uniq_bai_suzhen
Shoals:4: shoals_end_simple, layout_shoals, shoals_ilsuiw_ice,
          nicolae_shoals_the_drawing_of_the_three
Snake:1:  layout_grid_shapes, nicolae_snake_mages_go_home
Snake:2:  layout_layer_cave, grunt_megastairs_4
Snake:3:  layout_grid_maze, serial_shops, shop
Snake:4:  grunt_snake_rune_pools, layout_basic, serial_shops, shop,
          nicolae_snake_springs, uniq_agnes
Orc:1:    layout_caves, gammafunk_ghost_cemetery, nicolae_shop_vocational
Orc:2:    st_orc_open, layout_caves, serial_shops, shop, mines2_david,
          uniq_maurice
Elf:1:    elf_arrival_001, layout_onion_city, nicolae_trove_entry_free_sample,
          kennysheep_underground_church
Elf:2:    nicolae_elf_blades_crystal_corner, layout_gridlike,
          minmay_misc_feat_five, nicolae_shop_unique_rings, minivault_5,
          guppyfry_elf_altar, minmay_shoptagon, uniq_louise
Elf:3:    grunt_elf_hall_spiral, layout_onion_city, serial_shops,
          nicolae_square_shop, minivault_5,
          nicolae_concentric_dashed_squares_wild, uniq_asterion
Vaults:1: nicolae_vaults_yaktaur_gun_rack, nicolae_vaults_angled_halls,
          nicolae_vaults_tetromino_L_2, nicolae_vaults_closet_pinwheel_4,
          ontoclasm_vaults_spin, nicolae_vaults_closet_pinwheel_4,
          vaults_room_grunt_arrival_ludios, v_misc_22, vaults_mumra_hex,
          layout_vaults_omnigrid, uniq_zenata, uniq_aizul
Vaults:2: dpeg_vaults_monster_row, minmay_crypt_entry_simple_round,
          vaults_room_pools, nicolae_vaults_meiosis, ontoclasm_vaults_pinch,
          vaults_dpeg_encased_lava, vaults_dpeg_ring,
          nicolae_vaults_closet_pinwheel_4, v_rooms_2, v_misc_16,
          nicolae_vaults_house_3, nicolae_vaults_offset_grid_hallway_1,
          st_squares, nicolae_vaults_tetromino_T_2, v_misc_1,
          layout_vaults_omnibox, uniq_margery, uniq_mennas
Vaults:3: v_misc_25, nicolae_vaults_oozy_zoo, v_misc_29, hangedman_vaults_nails,
          nicolae_vaults_alarming, nicolae_vaults_trapezoid_lopsided_1,
          nicolae_vaults_bisected_slash, nicolae_vaults_tangram_1,
          nicolae_vaults_oval_intersection, layout_vaults_ring
Vaults:4: mu_enter_wizlab_5, nicolae_vaults_specimen_jars,
          nicolae_vaults_frosty_reception, v_misc_15, ontoclasm_vaults_chip,
          v_misc_32, nicolae_vaults_angled_halls, ontoclasm_vaults_eye,
          v_pattern_5, nicolae_vaults_windows_and_doors_thing,
          nicolae_vaults_tetromino_Z_1, layout_vaults_maze_snakey
Vaults:5: serial_shops, uniq_sojobo
Crypt:1:  layout_misc_corridors
Crypt:2:  layout_chaotic_city, hangedman_weighted_door,
          serial_sigils_hangedman_shear
Crypt:3:  due_elkab, layout_chaotic_city, nicolae_tomb_entry_rubble_hallway,
          chequers_big_river, uniq_boris
Depths:1: layout_gridville, hell_entry, minmay_door_square,
          rand_demon_pan_entry_7, muffindrake_ghost_three_little_ghosts,
          serial_shops, shop, chequers_jeans, cheibriados_altar_1
Depths:2: minmay_nested_s, layout_cave_shapes, roderic_serpentine_path,
          minmay_room_of_horrors, pf_hell_entry_tar_river,
          rand_demon_pan_entry_4, minmay_shop_grove,
          infiniplex_staircase_pool_2, uniq_nikola, uniq_enchantress
Depths:3: hangedman_pleasuredromes, hell_entry, pan_entry, abyss_entry
Depths:4: grunt_zot_entry_pinwheel, layout_basic, enter_ziggurat_b, abyss_entry,
          lightli_too_deep, lemuel_blue_sif_altar, serial_bayou_shore_a, uniq_vv
Zot:1:    layout_concentric_octagons
Zot:2:    layout_basic, skrybe_zot_glass_1
Zot:3:    layout_concentric_octagons
Zot:4:    layout_basic
Zot:5:    layout_gridlike, nicolae_zot_crop_circle

Skill      XL: |  1  2  3  4  5  6  7  8  9 10 11 12 13 14 15 16 17 18 19 20 21 22 23 24 25 26 27 |
---------------+----------------------------------------------------------------------------------+-----
Spellcasting   | 3 4 7 8 10 11 13 | 13.2
Earth Magic    | 4 5 7 9 10 11 12 13 14 15 17 19 21 22 23 | 23.4
Conjurations   | 2 5 6 |  6.0
Stealth        | 5 10 | 10.6
Invocations    | 1 3 4 5 8 |  8.0
Fighting       | 3 4 6 7 9 10 12 13 15 16 19 20 | 20.6
Shields        | 3 7 10 12 13 14 15 | 15.5
Dodging        | 5 6 8 10 11 12 14 16 17 18 | 18.5
Evocations     | 2 8 14 15 16 18 | 18.2
Polearms       | 2 7 10 11 | 11.6
Staves         | 5 8 9 |  9.6
Armour         | 2 5 8 |  8.2
Necromancy     | 2 5 |  5.0
Transmutations | 3 4 |  4.0
Translocations | 5 |  5.0

Action                     |  1- 3 |  4- 6 |  7- 9 | 10-12 | 13-15 | 16-18 | 19-21 | 22-24 | 25-27 || total
---------------------------+-------+-------+-------+-------+-------+-------+-------+-------+-------++-------
  Melee: Dagger            |    38 |    35 |   131 |   227 |       |       |       |       |       ||   431
         Whip              |       |       |       |    27 |       |       |       |       |       ||    27
         Demon trident     |       |       |       |   216 |  1299 |   863 |    33 |       |       ||  2411
         Constrict         |       |       |       |       |   235 |   294 |   269 |   247 |   188 ||  1233
         Staff             |       |       |       |       |       |   892 |  2002 |  1901 |  1712 ||  6507
         Peck              |       |       |       |       |       |       |       |       |   111 ||   111
  Throw: Dart              |       |       |       |       |       |     2 |    10 |     2 |       ||    14
   Cast: Sandblast         |    12 |    24 |    59 |    90 |       |       |       |       |       ||   185
         Stone Arrow       |       |       |    36 |    99 |    40 |    47 |    56 |    12 |    12 ||   302
         Brom's Barrelling |       |       |       |    16 |     5 |       |     1 |       |     1 ||    23
         Leda's Liquefacti |       |       |       |       |       |     6 |    10 |     4 |     4 ||    24
         Lee's Rapid Decon |       |       |       |       |       |     2 |    64 |    67 |    35 ||   168
         Borgnjor's Vile C |       |       |       |       |       |       |     4 |     4 |     1 ||     9
         Leda's Unmaking   |       |       |       |       |       |       |       |       |    66 ||    66
 Invoke: Heroism           |       |       |       |     3 |    13 |     4 |     2 |       |     1 ||    23
         Finesse           |       |       |       |       |       |       |       |       |     1 ||     1
Ability: Spit Poison       |    24 |    22 |    62 |    30 |     4 |     2 |       |     1 |       ||   145
  Evoke: Wand              |       |     1 |     3 |     4 |    12 |     2 |    22 |     9 |     4 ||    57
         Condenser vane    |       |       |       |       |     1 |       |     3 |       |     2 ||     6
         Phial of floods   |       |       |       |       |       |       |     1 |       |     1 ||     2
    Use: Scroll            |       |     7 |     8 |     8 |    12 |    12 |    18 |     5 |    14 ||    84
         Potion            |       |     1 |     1 |     1 |     2 |     2 |     9 |     2 |    17 ||    35
   Stab: Sleeping          |     2 |     3 |     5 |     6 |    10 |    14 |    11 |    21 |     8 ||    80
         Paralysed         |       |       |       |       |     5 |       |    37 |       |       ||    42
         Distracted        |       |       |       |       |     4 |     2 |     1 |     3 |     8 ||    18
 Armour: Robe              |    32 |    37 |   135 |    83 |       |       |       |   649 |   843 ||  1779
         Acid dragon scale |       |       |       |   380 |   728 |  1028 |  1011 |   130 |       ||  3277
         Steam dragon scal |       |       |       |    34 |       |       |       |       |       ||    34
  Dodge: Dodged            |    14 |    18 |    83 |   248 |   372 |   364 |   673 |   959 |   908 ||  3639
  Block: Buckler           |       |     5 |    39 |   146 |    39 |       |       |       |       ||   229
         Kite shield       |       |       |       |       |   640 |  1384 |  1617 |    87 |       ||  3728
         Reflection        |       |       |       |       |       |   132 |   111 |    30 |    39 ||   312
         Tower shield      |       |       |       |       |       |       |       |  1819 |  1989 ||  3808

Table legend: (Time is in decaauts)
 A = Elapsed time spent in this place.
 B = Non-inter-level travel time spent in this place.
 C = Inter-level travel time spent in this place.
 D = Time resting spent in this place.
 E = Time spent auto-exploring this place.
 F = Levels seen in this place.
 G = Mean time per level.
                   A        B        C        D        E       F      G
               +--------+--------+--------+--------+--------+-----+--------+
         Total | 106652 |  97547 |   9105 |  24738 |  46650 |  55 | 1939.1 |
       Dungeon |  28555 |  23934 |   4621 |   4600 |  13619 |  15 | 1903.7 |
          Lair |  11706 |  10759 |    947 |   2885 |   5972 |   5 | 2341.2 |
        Shoals |   8839 |   8514 |    325 |   2698 |   3861 |   4 | 2209.8 |
     Snake Pit |   9438 |   9113 |    325 |   2477 |   4554 |   4 | 2359.5 |
  Orcish Mines |   2180 |   2035 |    145 |    316 |   1250 |   2 | 1090.0 |
   Elven Halls |   6964 |   6634 |    330 |   2150 |   2989 |   3 | 2321.3 |
        Vaults |  13250 |  12169 |   1081 |   3071 |   6016 |   5 | 2650.0 |
         Crypt |   5109 |   4966 |    143 |    551 |   2865 |   3 | 1703.0 |
        Depths |  11237 |  10157 |   1080 |   2556 |   4794 |   4 | 2809.2 |
           Zot |   4986 |   4882 |    104 |   2105 |    370 |   5 |  997.2 |
         Abyss |    976 |    976 |      0 |     18 |      0 |   1 |  976.0 |
         Trove |     61 |     61 |      0 |      0 |      0 |   1 |   61.0 |
        Bailey |   1118 |   1118 |      0 |    431 |     54 |   1 | 1118.0 |
        Wizlab |   1453 |   1453 |      0 |    635 |    137 |   1 | 1453.0 |
      Gauntlet |    773 |    773 |      0 |    241 |    166 |   1 |  773.0 |
               +--------+--------+--------+--------+--------+-----+--------+

Top non-repeatable levels by time:
   Zot:5: 3825 daAuts
Vaults:1: 3501 daAuts
Depths:2: 3474 daAuts
Depths:4: 3159 daAuts
    D:10: 3145 daAuts
   Elf:3: 3123 daAuts
Shoals:4: 3090 daAuts
Vaults:4: 3028 daAuts
 Snake:4: 3018 daAuts
  Lair:2: 2700 daAuts
  Lair:4: 2621 daAuts
 Snake:3: 2611 daAuts
Vaults:2: 2584 daAuts
 Crypt:3: 2568 daAuts
    D:15: 2530 daAuts
